 Dungeon Crawl Stone Soup version 0.29-a0-323-g050149af67 (webtiles) character file.

Game seed: 6374956060394597529

989 wakim the Vexing (level 8, -7/60 HPs)
             Began as a Gnoll Arcane Marksman on Apr 10, 2022.
             Mangled by Prince Ribbit (16 damage)
             ... on level 5 of the Dungeon.
             The game lasted 00:18:57 (5020 turns).

wakim the Vexing (Gnoll Arcane Marksman)            Turns: 5020, Time: 00:18:58

Health: -7/60      AC:  4    Str: 10    XL:     8   Next: 18%
Magic:  7/14       EV: 14    Int: 13    God:
Gold:   223        SH:  0    Dex: 14    Spells: 8/15 levels left

rFire   . . .      SeeInvis +   b - +2 short sword (vamp)
rCold   . . .      Faith    .   (no shield)
rNeg    . . .      Spirit   .   Z - +0 robe
rPois   .          Reflect  .   (no helmet)
rElec   .          Harm     .   (no cloak)
rCorr   .          Rampage  .   Q - +1 pair of gloves
Will    .....                   (no boots)
Stlth   ++........              (no amulet)
HPRegen 0.20/turn               X - ring of see invisible
MPRegen 0.14/turn               (no ring)

@: no status effects
A: fangs 1, strong nose, distributed training
a: no special abilities


You were on level 5 of the Dungeon.
You visited 1 branch of the dungeon, and saw 5 of its levels.

You collected 223 gold pieces.

Inventory:

Hand Weapons
 a - a +0 shortbow
 b - a +2 vampiric short sword (weapon)
 c - a +1 dagger of venom
Missiles
 R - a throwing net {=f!f}
Armour
 Q - a +1 pair of gloves (worn)
 Z - a +0 robe (worn)
Jewellery
 X - a ring of see invisible (left hand)
Wands
 w - a wand of acid (1)
 y - a wand of paralysis (8)
Scrolls
 T - a scroll of teleportation
 V - a scroll of vulnerability {!r!r}
Potions
 I - a potion of might {unknown}
 J - 2 potions of heal wounds
 K - a potion of invisibility {unknown}
 M - 2 potions of degeneration {unknown}
 N - a potion of experience {unknown}
 O - a potion of lignification {unknown}
 P - a potion of brilliance {unknown}
 S - a potion of haste {unknown}
 U - 3 potions of flight {unknown}
 W - 2 potions of curing {unknown}


   Skills:
 + Level 4.0 Fighting
 + Level 3.0 Short Blades
 + Level 3.0 Long Blades
 + Level 3.0 Axes
 + Level 3.0 Maces & Flails
 + Level 3.0 Polearms
 + Level 3.0 Staves
 + Level 3.0 Slings
 + Level 5.5 Bows
 + Level 3.0 Crossbows
 + Level 3.0 Throwing
 + Level 3.0 Armour
 + Level 5.5 Dodging
 + Level 3.0 Stealth
 + Level 3.0 Shields
 + Level 3.0 Unarmed Combat
 + Level 4.2 Spellcasting
 + Level 2.4 Conjurations
 + Level 6.0 Hexes
 + Level 2.4 Summonings
 + Level 2.4 Necromancy
 + Level 2.4 Translocations
 + Level 2.4 Transmutations
 + Level 2.4 Fire Magic
 + Level 2.4 Ice Magic
 + Level 2.4 Air Magic
 + Level 2.4 Earth Magic
 + Level 2.4 Poison Magic
 + Level 3.3 Invocations
 + Level 3.0 Evocations


You had 8 spell levels left.
You knew the following spells:

 Your Spells              Type           Power      Damage    Failure   Level
a - Inner Flame           Hex/Fire       13%        N/A       11%         3
d - Portal Projectile     Hex/Tloc       26%        N/A       11%         3
s - Slow                  Hex            72%        N/A       1%          1

Your spell library contained the following spells:

 Spells                   Type           Power      Damage    Failure   Level
 Sublimation of Blood     Necr           9%         N/A       11%         2
 Wereblood                Tmut           9%         N/A       11%         2
 Cause Fear               Hex            9%         N/A       17%         4
 Gell's Gravitas          Tloc           9%         N/A       22%         3
 Lesser Beckoning         Tloc           9%         N/A       22%         3
 Teleport Other           Tloc           9%         N/A       22%         3
 Summon Hydra             Summ           4%         N/A       100%        7


Dungeon Overview and Level Annotations

Branches:
Dungeon (5/15)
 Temple: D:4-7

Altars:
Nemelex Xobeh

Annotations:
D:5 Prince Ribbit


Innate Abilities, Weirdness & Mutations

You have very sharp teeth.
Your uncanny sense of smell can sniff out nearby items.
Your experience applies equally to all skills.


Message History

Prince Ribbit resists with some effort.
Prince Ribbit hits you! 52/60 (-8) Unknown command.
Prince Ribbit attacks as you move away! Prince Ribbit hits you!
Prince Ribbit hits you but does no damage.
Your magical contamination has completely faded away. 39/60 (-13) Unknown command. 40/60 (+1) Prince Ribbit attacks as you move away!
Prince Ribbit hits you. Prince Ribbit hits you!
* * * LOW HITPOINT WARNING * * *
29/60 (-11) Prince Ribbit attacks as you move away!
Prince Ribbit completely misses you. Prince Ribbit hits you.
* * * LOW HITPOINT WARNING * * *
23/60 (-6)
You feel a sense of dread.
b - a +2 vampiric short sword (weapon)
You closely miss Prince Ribbit. Your bite misses Prince Ribbit.
Prince Ribbit hits you!
* * * LOW HITPOINT WARNING * * *
Prince Ribbit hits you!
* * * LOW HITPOINT WARNING * * *
5/60 (-18)
You feel much better. Prince Ribbit hits you!
* * * LOW HITPOINT WARNING * * *
19/60 (+14) Unknown command.
Okay, then.
Casting: Slow (safe; 1% risk of failure)
Confirm with . or Enter, or press ? or * to list all spells.
Aiming: Slow (safe; 1% risk of failure)
Press: ? - help, Shift-Dir - straight line, f/p - Prince Ribbit
Aim: Prince Ribbit (inner flame, chance to affect: 40%) Prince Ribbit resists with some effort.
Prince Ribbit hits you!
* * * LOW HITPOINT WARNING * * *
9/60 (-10) Prince Ribbit attacks as you move away!
Prince Ribbit hits you!
You die...

.. ># ########.#
#........#
#.######## #.#
#######.#
#.....#F#
###.#.#@#
#.#<#.#########
#.#.#.#........
#)#.#.#........
#.#.#.#........
#.#.#.#........
###......).......
#...#.#..........
#####.###........


You could see Prince Ribbit (inner flame).

Vanquished Creatures
  Sigmund (D:5)
  Menkaure (D:4)
  A black bear (D:4)
  2 scorpions
  A jelly (D:4)
  A gnoll shaman (D:4)
  An orc priest (D:5)
  Terence (D:2)
  An iguana (D:5)
  3 orc wizards
  Natasha (thrice) (D:4)
  5 adders
  7 gnolls
  A worm (D:1)
  4 dart slugs
  6 orcs
  4 bats
  9 endoplasms
  3 giant cockroaches
  10 goblins
  6 hobgoblins
  9 jackals
  4 kobolds
  2 quokkas
  3 ball pythons
  6 frilled lizards
  5 rats
100 creatures vanquished.

Notes
Turn   | Place    | Note
-------+----------+-------------------------------------------
     0 | D:1      | wakim the Gnoll Arcane Marksman began the quest for the
                  | Orb.
     0 | D:1      | Reached XP level 1. HP: 17/17 MP: 4/4
    83 | D:1      | Reached XP level 2. HP: 12/23 MP: 2/5
   365 | D:1      | Reached XP level 3. HP: 23/28 MP: 7/7
   484 | D:1      | Learned a level 3 spell: Inner Flame
   488 | D:1      | Learned a level 3 spell: Portal Projectile
   588 | D:1      | Found a faded altar of an unknown god.
   604 | D:1      | !bestwep
   779 | D:2      | Noticed Terence
   999 | D:2      | Reached skill level 1 in Invocations
  1087 | D:2      | Killed Terence
  1088 | D:2      | Reached skill level 1 in Short Blades
  1088 | D:2      | Reached skill level 1 in Long Blades
  1088 | D:2      | Reached skill level 1 in Axes
  1088 | D:2      | Reached skill level 1 in Maces & Flails
  1088 | D:2      | Reached skill level 1 in Polearms
  1088 | D:2      | Reached skill level 1 in Staves
  1088 | D:2      | Reached skill level 1 in Slings
  1088 | D:2      | Reached skill level 1 in Crossbows
  1088 | D:2      | Reached skill level 1 in Throwing
  1088 | D:2      | Reached skill level 1 in Armour
  1088 | D:2      | Reached skill level 1 in Stealth
  1088 | D:2      | Reached skill level 1 in Shields
  1088 | D:2      | Reached skill level 1 in Unarmed Combat
  1088 | D:2      | Reached skill level 1 in Evocations
  1088 | D:2      | Reached XP level 4. HP: 12/34 MP: 4/8
  1100 | D:2      | !bestwep
  1432 | D:1      | Reached skill level 1 in Conjurations
  1432 | D:1      | Reached skill level 1 in Summonings
  1432 | D:1      | Reached skill level 1 in Necromancy
  1432 | D:1      | Reached skill level 1 in Translocations
  1432 | D:1      | Reached skill level 1 in Transmutations
  1432 | D:1      | Reached skill level 1 in Fire Magic
  1432 | D:1      | Reached skill level 1 in Ice Magic
  1432 | D:1      | Reached skill level 1 in Air Magic
  1432 | D:1      | Reached skill level 1 in Earth Magic
  1432 | D:1      | Reached skill level 1 in Poison Magic
  1845 | D:2      | !bestwep
  2032 | D:2      | Reached XP level 5. HP: 38/40 MP: 7/9
  2093 | D:2      | Learned a level 3 spell: Inner Flame
  2592 | D:3      | Found a sparkling altar of Nemelex Xobeh.
  2639 | D:3      | !bestwep
  2743 | D:3      | !bestwep
  2769 | D:3      | !bestwep
  3096 | D:4      | Noticed Natasha
  3100 | D:4      | Killed Natasha
  3101 | D:4      | Reached XP level 6. HP: 47/47 MP: 10/10
  3193 | D:4      | Reached skill level 5 in Bows
  3193 | D:4      | Reached skill level 5 in Dodging
  3450 | D:4      | Noticed Natasha
  3471 | D:4      | Killed Natasha
  3674 | D:4      | Noticed a black bear
  3691 | D:4      | Killed a black bear
  3692 | D:4      | Reached XP level 7. HP: 43/52 MP: 5/12
  3758 | D:4      | Noticed Menkaure
  4065 | D:4      | Noticed Natasha
  4074 | D:4      | Killed Natasha
  4485 | D:4      | Killed Menkaure
  4724 | D:5      | Entered Level 5 of the Dungeon
  4733 | D:5      | Noticed Sigmund
  4738 | D:5      | Killed Sigmund
  4739 | D:5      | Reached skill level 6 in Hexes
  4739 | D:5      | Reached XP level 8. HP: 55/60 MP: 9/14
  4979 | D:5      | Noticed Prince Ribbit
  5020 | D:5      | Mangled by Prince Ribbit

Illustrated notes ##### ....### ....... ......! ....... ########### ....... #.........##....... ##.....##..@...._.. #.....#######.8.8.# #.....## .... . ##.....##### #... #.#.# ##........# #..### #.#.## ##.#.###.# #....# #..... #.#.....####.##.###..... #.#####....#.##.##...... #########.## #.##.#............ Turn 604 on D:1: !bestwep #. #.# #.# #.###.# ##..##.#...# # .........#.# ##..####.w.# ##..# #####..##### >...........# ... .#####..###@# .## #..# #†# ∆ ....# #.# .....# #.# #...### #.# ..... ..# .##.. #.# #.. #.. Turn 1100 on D:2: !bestwep

##..##.#...#
..........#.#
###..####...# .....
##..#
###..#####..#####
#...>...........#
..#.#..#####.†###[#
.......#####..# #.#
.......@......# #.#
.b.....##.....# #.#
....... #...#####.#
..................#
........##..#####.##
.#...### #..# #..#
.....
#..#####..#####
.....
#..............
##.#####.####.#


Turn 1845 on D:2: !bestwep ### ##.## ## #####.#.###########.#
#....###..@....)...# #### #.###.#.####[.###.## ...# #.# ##..# ##.##....# ##.#
#.# #..###.#####...# ##.####.####..##.#.#.#.o...# ...............#.##..#.......
##.####.####..###.####.....### ##.####.#####.# ##.###...o##
..............#####.##.#.## Turn 2639 on D:3: !bestwep .########.# #.#
#.........# #.# .########## #.# .# #####.# .# ∆ ...#.# ## #######.#.##
#..........# #.#####.#..# #.#.@# #.#..# #.#..# #.#..# .....# #..#.# #.#.# #.#.#
Turn 2743 on D:3: !bestwep #.# #.#..# #.# ###.#..# #......# #.#.)#.# ##.#.#
#.#.# # #.#.# #.###.##.#.# #......@...# .........### ......#### ###### Turn 2769
on D:3: !bestwep

Levels and vault maps discovered:
D:1:      amcnicky_arrival_wind_blow, layout_rooms,
          dreamdust_ecumenical_altar_statues
D:2:      layout_loops_ring, uniq_terence
D:3:      layout_loops_ring, marbit_many_paths
D:4:      layout_basic, uniq_natasha, uniq_menkaure
D:5:      layout_basic, lemuel_round_altar, uniq_sigmund, uniq_prince_ribbit1

Skill      XL: |  1  2  3  4  5  6  7  8 |
---------------+-------------------------+-----
Invocations    | 1 2 3 |  3.3
Short Blades   | 1 2 3 |  3.0
Long Blades    | 1 2 3 |  3.0
Axes           | 1 2 3 |  3.0
Maces & Flails | 1 2 3 |  3.0
Polearms       | 1 2 3 |  3.0
Staves         | 1 2 3 |  3.0
Slings         | 1 2 3 |  3.0
Crossbows      | 1 2 3 |  3.0
Throwing       | 1 2 3 |  3.0
Armour         | 1 2 3 |  3.0
Stealth        | 1 2 3 |  3.0
Shields        | 1 2 3 |  3.0
Unarmed Combat | 1 2 3 |  3.0
Evocations     | 1 2 3 |  3.0
Spellcasting   | 3 4 |  4.2
Conjurations   | 1 2 |  2.4
Summonings     | 1 2 |  2.4
Necromancy     | 1 2 |  2.4
Translocations | 1 2 |  2.4
Transmutations | 1 2 |  2.4
Fire Magic     | 1 2 |  2.4
Ice Magic      | 1 2 |  2.4
Air Magic      | 1 2 |  2.4
Earth Magic    | 1 2 |  2.4
Poison Magic   | 1 2 |  2.4
Fighting       | 3 4 |  4.0
Bows           | 5 |  5.5
Dodging        | 5 |  5.5
Hexes          | 6 |  6.0

Action                   |  1- 3 |  4- 6 |  7- 9 || total
-------------------------+-------+-------+-------++-------
Melee: Rapier            |       |    12 |       ||    12
       Short sword       |       |     8 |     1 ||     9
       Dagger            |       |     4 |       ||     4
       Bite              |       |     2 |       ||     2
 Fire: Shortbow          |    98 |   179 |    55 ||   332
 Cast: Slow              |     6 |    15 |    14 ||    35
       Portal Projectile |       |     3 |       ||     3
       Inner Flame       |       |     5 |    16 ||    21
Evoke: Wand              |     2 |       |       ||     2
  Use: Scroll            |     2 |     4 |     1 ||     7
       Potion            |       |       |     1 ||     1
Armor: Robe              |     4 |    15 |     2 ||    21
Dodge: Dodged            |    18 |    69 |    15 ||   102

Table legend: (Time is in decaauts)
 A = Elapsed time spent in this place.
 B = Non-inter-level travel time spent in this place.
 C = Inter-level travel time spent in this place.
 D = Time resting spent in this place.
 E = Time spent auto-exploring this place.
 F = Levels seen in this place.
 G = Mean time per level.
                   A        B        C        D        E       F      G
               +--------+--------+--------+--------+--------+-----+--------+
         Total |   5103 |   4921 |    182 |    551 |   3140 |   5 | 1020.6 |
       Dungeon |   5103 |   4921 |    182 |    551 |   3140 |   5 | 1020.6 |
               +--------+--------+--------+--------+--------+-----+--------+

Top non-repeatable levels by time:
     D:4: 1504 daAuts
     D:1: 1130 daAuts
     D:3: 1105 daAuts
     D:2: 1058 daAuts
     D:5: 304 daAuts
